 Dungeon Crawl Stone Soup version 0.20.0-15-g7f486f2 (webtiles) character file.

90 vishdafish the Shield-Bearer (level 4, -1/28 HPs)
             Began as a Gargoyle Fighter on June 27, 2017.
             Slain by vishdafish's ghost (13 damage)
             ... on level 3 of the Dungeon.
             The game lasted 00:02:12 (1429 turns).

vishdafish the Shield-Bearer (Gargoyle Fighter)     Turns: 1429, Time: 00:02:12

Health: -1/28      AC: 11    Str: 24    XL:     4   Next: 56%
Magic:  4/4        EV:  7    Int:  9    God:
Gold:   147        SH: 10    Dex: 10    Spells: 3/3 levels left

rFire    . . .     SeeInvis .   B - +0 flail (crush)
rCold    . . .     Gourm    +   c - +0 shield
rNeg     + . .     Faith    .   b - +0 scale mail
rPois    ∞         Spirit   .   (no helmet)
rElec    +         Reflect  .   (no cloak)
rCorr    .         Harm     .   x - +0 pair of gloves
MR       .....                  (no boots)
Stlth    ..........             y - amulet of the gourmand
Regen    0.1/turn               l - ring of wizardry
MPRegen  0.1/turn               (no ring)

@: mighty
A: negative energy resistance 1, electricity resistance, unbreathing,
petrification resistance, rot immunity, AC +3
a: no special abilities


You were on level 3 of the Dungeon.
You were not hungry.

You visited 1 branch of the dungeon, and saw 3 of its levels.

You collected 147 gold pieces.

Inventory:

Hand Weapons
 a - a +0 flail
 B - a +0 flail of crushing (weapon)
Armour
 b - a +0 scale mail (worn)
 c - a +0 shield (worn)
 x - a +0 pair of gloves (worn)
Jewellery
 l - a ring of wizardry (left hand)
 t - an uncursed amulet of magic regeneration
 y - an amulet of the gourmand (around neck)
Scrolls
 e - 4 scrolls of remove curse {unknown}
 k - 2 scrolls of amnesia {unknown}
 o - 6 scrolls of identify {unknown}
 p - a scroll of teleportation {unknown}
 r - 2 scrolls of fog {unknown}
 s - 3 scrolls of enchant armour {unknown}
 z - a scroll of magic mapping {unknown}
Potions
 h - 2 potions of magic {unknown}
 j - a potion of cancellation {unknown}
 m - a potion of agility {unknown}
 n - 3 potions of mutation {unknown}
 u - a potion of heal wounds {unknown}
 v - a potion of brilliance {unknown}
 w - a potion of berserk rage {unknown}
 A - a potion of lignification {unknown}
Books
 q - a book of Minor Magic

   Spells                             Type                      Level
   a - Magic Dart                     Conjuration                  1
   b - Blink                          Translocation                2
   c - Call Imp                       Summoning                    2
   d - Slow                           Hexes                        2
   e - Conjure Flame                  Conjuration/Fire             3
   f - Mephitic Cloud                 Conjuration/Poison/Air       3
Comestibles
 f - 2 bread rations
 g - 3 meat rations
 i - 3 royal jellies


   Skills:
 + Level 3.6 Fighting
 + Level 3.0 Maces & Flails
 + Level 4.1 Armour
 + Level 4.1 Shields


You had 3 spell levels left.
You didn't know any spells.

Dungeon Overview and Level Annotations

Branches:
Dungeon (3/15)

Altars:
Ashenzari

Annotations:
D:3 vishdafish's ghost, amateur TrFi


Innate Abilities, Weirdness & Mutations

You are resistant to torment.
Your stone body is resilient. (AC +3)
You are immune to poison.
You resist negative energy. (rN+)
You are resistant to electric shocks. (rElec)
You can survive without breathing.
You are immune to petrification.
You are immune to rotting.


Message History

Vishdafish's ghost (amateur Troll Fighter) comes into view.
Vishdafish's ghost turns its malevolent gaze towards you.
You feel very mighty all of a sudden.
You see here a runed short sword.
You hit vishdafish's ghost.
Vishdafish's ghost is lightly damaged.
Vishdafish's ghost barely misses you.
You hit vishdafish's ghost.
Vishdafish's ghost is moderately damaged.
Vishdafish's ghost hits you.
You sock vishdafish's ghost!
Vishdafish's ghost is heavily damaged.
You block vishdafish's ghost's attack. Vishdafish's ghost hits you.
You closely miss vishdafish's ghost.
Vishdafish's ghost is heavily damaged.
Vishdafish's ghost hits you!
You hit vishdafish's ghost.
Vishdafish's ghost is heavily damaged.
Vishdafish's ghost hits you!
You die...

##.## #.### #.#
#.# #. #.# #.#
#.# #.# ..# #.#
#.# #.# #.# #.#
#W# #.# #@####.#
#.#####).....#
.........#####
#.######.# ##.##
##...##
.......#.###.###.
.##.##.##.##.....
#......†........
.#


You could see vishdafish's ghost.

Vanquished Creatures
  Terence (D:2)
  3 adders (D:3)
  An ooze (D:3)
  A leopard gecko (D:1)
  2 ball pythons
  3 bats
  A giant cockroach (D:2)
  5 goblins
  6 hobgoblins
  4 kobolds
  3 frilled lizards
  3 rats
33 creatures vanquished.

Notes
Turn   | Place    | Note
-------+----------+-------------------------------------------
     0 | D:1      | vishdafish the Gargoyle Fighter began the quest for the Orb.
     0 | D:1      | Reached XP level 1. HP: 14/14 MP: 1/1
   105 | D:1      | Reached XP level 2. HP: 16/19 MP: 2/2
   602 | D:2      | Noticed Terence
   623 | D:2      | Killed Terence
   623 | D:2      | Reached XP level 3. HP: 11/23 MP: 3/3
   839 | D:2      | Found a shattered altar of Ashenzari.
  1205 | D:3      | Reached XP level 4. HP: 28/28 MP: 4/4
  1421 | D:3      | Noticed vishdafish's ghost (amateur TrFi)
  1429 | D:3      | Slain by vishdafish's ghost

Skill      XL: |  1  2  3  4 |
---------------+-------------+-----
Shields        | 4 |  4.1
Armour         | 4 |  4.1
Maces & Flails | 3 |  3.0
Fighting       | |  3.6

Action                   |  1- 3 |  4- 6 || total
-------------------------+-------+-------++-------
Melee: Flail             |   111 |    25 ||   136
  Use: Potion            |       |     1 ||     1
  Eat: Meat ration       |     1 |       ||     1
Armor: Scale mail        |    54 |     9 ||    63
Dodge: Dodged            |    32 |     4 ||    36
Block: Shield            |    56 |    10 ||    66
